Unix NetHack Version 5.0.0-0 post-release - last build Jul 14 2026 02:55:29 (1809b74e8187c3a3585e283601c3028b46cbbdcb,branch:main).

Game began 2026-07-15 03:38:14, ended 2026-07-15 13:39:17.

Jamofthetoe, chaotic female orcish Barbarian

                        ----------------------------
                        |....................[.....|...|
                        |............<(............|...----
                        |..................).......|.|)...|
                        |...................%........|....|
                     ---------------------------------.)---
                     |..................%...[...........|
                     |..------------------------------..-
                     |..|     ------                 |.).
                     |..|     |.....                  --.
                     |..-------.|h--
                     |..).).)...|
                      -----------

Jamofthetoe the Bandit     St:18/03 Dx:16 Co:17 In:3 Wi:9 Ch:6  Chaotic
Dlvl:11 $:368 HP:0(65) Pw:18(18) AC:-2 Xp:7 T:2594 

Latest messages:
 Your helm blocks the attack to your head.
 You miss the master mind flayer.
 The master mind flayer hits!
 The master mind flayer's tentacles suck your brain!
 Your helm blocks the attack to your head.
 The master mind flayer's tentacles suck your brain again!
 Your helm blocks the attack to your head.
 The master mind flayer's tentacles suck your brain again!
 Your helm blocks the attack to your head.
 The master mind flayer's tentacles suck your brain again!
 Your helm blocks the attack to your head.
 The master mind flayer's tentacles suck your brain again!
 Your helm blocks the attack to your head.
 What do you want to drink? [cjR or ?*] ?
 You feel better.
 The master mind flayer hits!
 The master mind flayer's tentacles suck your brain!
 Your brain is eaten!
 You feel stupid!
 The master mind flayer's tentacles suck your brain again!
 Your helm blocks the attack to your head.
 The master mind flayer's tentacles suck your brain again!
 Your brain is eaten!
 You feel stupid!
 What do you want to drink? [cjR or ?*] j
 You feel better.
 You miss the master mind flayer.
 The master mind flayer concentrates.
 A wave of psychic energy pours over you!
 It locks on to your latent telepathy!
 The master mind flayer hits!
 The master mind flayer's tentacles suck your brain!
 Your helm blocks the attack to your head.
 The master mind flayer's tentacles suck your brain again!
 Your helm blocks the attack to your head.
 The master mind flayer's tentacles suck your brain again!
 Your helm blocks the attack to your head.
 The master mind flayer's tentacles suck your brain again!
 Your helm blocks the attack to your head.
 The master mind flayer misses!
 You miss the master mind flayer.
 The master mind flayer hits!
 The master mind flayer's tentacles suck your brain!
 Your brain is eaten!
 Your last thought fades away.
 Do you want your possessions identified? [ynq] (y) y
 Do you want to see your attributes? [ynq] (y) y
 Do you want an account of creatures vanquished? [ynaq] (y) y
 Do you want to see your conduct and achievements? [ynq] (y) y
 Do you want to see the dungeon overview? [ynq] (y) y

Inventory:
 Coins    ('$')
  $ - 368 gold pieces
 Weapons  (')')
  k - 9 +0 arrows
  v - a cursed +0 bow
  a - a +0 battle-axe (weapon in hands)
  b - a +0 orcish short sword (alternate weapon; not wielded)
 Armor    ('[')
  B - a blessed +1 dwarvish iron helm (being worn)
  x - an uncursed +0 pair of iron shoes (being worn)
  q - an uncursed +3 dwarvish cloak (being worn)
  C - a cursed -2 dwarvish mithril-coat (being worn)
  S - a cursed +0 set of silver dragon scales
 Comestibles  ('%')
  T - a cursed cram ration
  d - 5 uncursed food rations
  F - a cursed food ration
  g - an uncursed tripe ration
  U - a cursed tripe ration
  e - 2 uncursed tins of dried lichen
 Scrolls  ('?')
  I - a cursed scroll of amnesia
  O - 4 cursed scrolls of blank paper
  G - a cursed scroll of earth
  p - 3 uncursed scrolls of teleportation
 Potions  ('!')
  R - a cursed potion of full healing
  j - an uncursed potion of healing
  c - an uncursed potion of speed
 Rings    ('=')
  V - a cursed ring of free action
  X - a cursed +2 ring of gain strength
  Y - a cursed +1 ring of gain strength
  W - a cursed ring of see invisible
 Wands    ('/')
  t - a wand of cancellation (0:6)
  M - a cursed wand of create monster (0:11)
  N - a cursed wand of digging (0:5)
  l - a wand of magic missile (0:6)
  E - a cursed wand of magic missile (0:6)
  Q - a cursed wand of speed monster (0:6)
  D - a wand of striking (0:3)
  L - a cursed wand of striking (0:6)
  m - a wand of teleportation (0:3)
 Tools    ('(')
  r - an empty uncursed sack
  H - an empty cursed sack
  s - an uncursed lock pick
  J - a cursed skeleton key
  n - a blessed tallow candle
  z - an uncursed tallow candle
  K - a cursed tallow candle
  P - a cursed tin whistle
  u - an uncursed towel
  o - 2 uncursed wax candles
 Gems/Stones  ('*')
  Z - an uncursed worthless piece of green glass
  f - an uncursed worthless piece of red glass
  A - an uncursed worthless piece of white glass
  y - an uncursed worthless piece of yellow glass
  i - a cursed worthless piece of yellow glass

Jamofthetoe the Barbarian's attributes:

Background:
 You were a Bandit, a level 7 female orcish Barbarian.
 You were chaotic, on a mission for Set
 who was opposed by Mitra (lawful) and Crom (neutral).
 You were right-handed.
 You were in the Gnomish Mines, on level 11.
 You entered the dungeon 2594 turns ago.
 There was a new moon in effect when your adventure ended.
 You had 871 experience points, 409 more were needed to attain level 8.

Basics:
 You had 0 out of 65 hit points.
 You had all 18 energy points (spell power).
 Your armor class was -2.
 Your wallet contained 368 zorkmids.
 Autopickup was on for '$?!/(' plus thrown, with exceptions.

Final Characteristics:
 Your strength was 18/03 (limit:18/50).
 Your dexterity was 16 (limit:18).
 Your constitution was 17 (limit:18).
 Your intelligence was 3 (peak:7, limit:16).
 Your wisdom was 9 (limit:16).
 Your charisma was 6 (limit:16).

Final Status:
 You weren't hungry.
 You were unencumbered.
 You were wielding an axe.
 You had basic skill with axe.

Final Attributes:
 You were piously aligned.
 Your items were somewhat protected from fire.
 Your items were somewhat protected from cold.
 You were poison resistant.
 You were telepathic.
 You had infravision.
 You were invisible.
 You were guarded.
 You were fast.
 You are dead.

Miscellaneous:
 You encountered 1 bones level.
 Total elapsed playing time was 1 hour, 42 minutes and 8 seconds.

Major events:
 Turn
    1: Jamofthetoe the chaotic female orcish Barbarian entered the dungeon
  767: entered the Gnomish Mines
  815: attained the rank of Pillager (level 3)
 1003: reached Mine Town
 1588: attained the rank of Bandit (level 6)
 2594: killed by brainlessness

You didn't know any spells.

Skills:
 Fighting Skills
   bare handed combat [Basic]
   two weapon combat  [Unskilled]
   riding             [Unskilled]
 Weapon Skills
   dagger             [Unskilled]
   axe                [Basic]
   pick-axe           [Unskilled]
   short sword        [Basic]
   broadsword         [Unskilled]
   long sword         [Unskilled]
   two-handed sword   [Unskilled]
   saber              [Unskilled]
   club               [Unskilled]
   mace               [Unskilled]
   morning star       [Unskilled]
   flail              [Unskilled]
   hammer             [Unskilled]
   quarterstaff       [Unskilled]
   spear              [Unskilled]
   trident            [Unskilled]
   bow                [Unskilled]
 Spellcasting Skills
   attack spells      [Unskilled]
   escape spells      [Unskilled]

Voluntary challenges:
 Character rerolling was not enabled.
 You never genocided any monsters.
 You never polymorphed an object.
 You never changed form.
 You used no wishes.
Achievements:
 You entered the Gnomish Mines.
 You attained the rank of Pillager.
 You entered Minetown.
 You entered a temple.
 You entered a shop.
 You attained the rank of Bandit.

 The Dungeons of Doom: levels 1 to 3
    Level 1:
       A fountain.
    Level 2:
       A fountain.
       Stairs down to The Gnomish Mines.
    Level 3:
       A fountain.
 The Gnomish Mines: levels 3 to 11
    Level 3:
    Level 4:
    Level 5:
       Some shops, a temple and an altar, some fountains.
    Level 6:
    Level 7:
       Some graves.
       Final resting place for
          NuclearDog-Sam-Hum-Fem-Law, killed by a winter wolf cub, while praying,
          pakka-Val-Dwa-Fem-Law, killed by a dog, while praying.
    Level 8:
    Level 9:
    Level 10:
    Level 11: <- You were here.
       Final resting place for
          you, killed by brainlessness.


Vanquished creatures:
  2 winter wolf cubs
  a gnome ruler
  a lizard
  2 dogs
  a jaguar
  a dust vortex
  a Woodland-elf
  a soldier ant
  2 rock moles
  a fog cloud
  a yellow light
  a shrieker
  7 gnome leaders
  2 gnomish wizards
  a ghoul
  a floating eye
 10 dwarves
  2 dwarf zombies
  2 hobbits
  a large kobold
  a giant rat
  a yellow mold
 30 gnomes
  3 gnome zombies
  a jackal
  a fox
  5 grid bugs
  3 lichens
  3 kobold zombies
 10 newts
99 creatures vanquished.

No species were genocided or became extinct.

Game over:
                       ----------
                      /          \
                     /    REST    \
                    /      IN      \
                   /     PEACE      \
                  /                  \
                  |   Jamofthetoe    |
                  |      368 Au      |
                  |    killed by     |
                  |  brainlessness   |
                  |                  |
                  |                  |
                  |       2026       |
                 *|     *  *  *      | *
        _________)/\\_//(\/(/\)/\//\/|_)_______

Goodbye Jamofthetoe the Barbarian...

You died in The Gnomish Mines on dungeon level 11 with 4336 points,
and 368 pieces of gold, after 2594 moves.
You were level 7 with a maximum of 65 hit points when you died.

